 Dungeon Crawl Stone Soup version 0.24-a0-57-gac335f2 (webtiles) character file.

118 lemonriz the Chopper (level 5, -1/47 HPs)
             Began as a Hill Orc Fighter on Jan 22, 2019.
             Slain by an orc wizard
             ... wielding a +0 dagger
              (4 damage)
             ... on level 2 of the Dungeon on Feb 4, 2019.
             The game lasted 00:05:13 (1263 turns).

lemonriz the Chopper (Hill Orc Fighter)             Turns: 1263, Time: 00:05:14

Health: -1/47      AC:  7    Str: 17 (19) XL:     5   Next: 2%
Magic:  5/5        EV: 12    Int:  6 (8)  God:
Gold:   108        SH:  9    Dex: 14 (16) Spells: 4/4 levels left

rFire    . . .     SeeInvis .   a - +0 war axe
rCold    . . .     Gourm    .   c - +0 shield
rNeg     . . .     Faith    .   b - +0 scale mail
rPois    .         Spirit   .   (no helmet)
rElec    .         Reflect  .   (no cloak)
rCorr    .         Harm     .   (no gloves)
MR       +....                  (no boots)
Stlth    +.........             (no amulet)
HPRegen  0.15/turn              j - ring of protection from magic
MPRegen  0.09/turn              (no ring)

@: agile, flying
A: no striking features
a: no special abilities


You were on level 2 of the Dungeon.
You were not hungry.

You visited 1 branch of the dungeon, and saw 2 of its levels.

You collected 108 gold pieces.

Inventory:

Hand Weapons
 a - a +0 war axe (weapon)
Armour
 b - a +0 scale mail (worn)
 c - a +0 shield (worn)
 q - a +2 large shield
Jewellery
 j - a ring of protection from magic (left hand)
Scrolls
 i - a scroll of blinking {unknown}
 k - a scroll of fear {unknown}
 l - 2 scrolls of magic mapping {unknown}
 m - a scroll of identify {unknown}
 n - a scroll of amnesia {unknown}
 o - a scroll of random uselessness {unknown}
Potions
 d - 2 potions of might
 h - a potion of agility
Comestibles
 f - 2 rations
 p - 12 chunks of flesh


   Skills:
 + Level 4.4 Fighting
 * Level 4.6 Axes
 + Level 4.0 Armour
 + Level 4.0 Shields


You had 4 spell levels left.
You didn't know any spells.
Your spell library was empty.

Dungeon Overview and Level Annotations

Branches:
Dungeon (2/15)

Altars:


Message History

The orc hits you from afar with a +0 trident.
* * * LOW HITPOINT WARNING * * *
You block the orc wizard's attack.
The orc wizard points at you and mumbles some strange words.
The magic dart hits you.
* * * LOW HITPOINT WARNING * * *
The orc wizard hits you with a +0 dagger.
* * * LOW HITPOINT WARNING * * *
It was a potion of flight.
You feel very buoyant.
You fly up into the air.
You block the orc wizard's attack. You block the orc's attack.
The orc wizard hits you with a +0 dagger.
* * * LOW HITPOINT WARNING * * *
It was a potion of degeneration.
There was something very wrong with that liquid.
You feel weakened.
You feel dopey.
You feel clumsy. You block the orc's attack.
The orc wizard hits you with a +0 dagger.
You die...

# # # ..... # ..... # ......
### ...... ###### #..
......##### #....# #..
..........###@...###########..
..........wo.o................
..........##################..
.....>........... #..
..........#...... #..
.....#....#...... #..
.....#....# ..... #. ### ...#
#....# ..... #.. ... ######
#### #.###


You could see a worm, an orc wizard and an orc.

Vanquished Creatures
  An orc wizard (D:2)
  Jessica (D:2)
  2 adders (D:2)
  An ooze (D:2)
  2 worms (D:2)
  A dart slug (D:2)
  3 leopard geckos (D:2)
  A ball python (D:1)
  3 goblins (D:1)
  5 hobgoblins
  2 jackals (D:2)
  8 kobolds
  A quokka (D:2)
  3 bats
  6 rats
40 creatures vanquished.

Vanquished Creatures (others)
  4 toadstools (D:1)
4 creatures vanquished.

Grand Total: 44 creatures vanquished

Notes
Turn   | Place    | Note
-------+----------+-------------------------------------------
     0 | D:1      | lemonriz the Hill Orc Fighter began the quest for the Orb.
     0 | D:1      | Reached XP level 1. HP: 19/19 MP: 1/1
   145 | D:1      | Reached XP level 2. HP: 27/27 MP: 2/2
   795 | D:1      | Upgraded the game from 0.23-a0-819-g6debee6 to
                  | 0.24-a0-57-gac335f2
   874 | D:2      | Reached XP level 3. HP: 29/33 MP: 3/3
  1109 | D:2      | Reached XP level 4. HP: 27/40 MP: 4/4
  1229 | D:2      | Noticed Jessica
  1251 | D:2      | Killed Jessica
  1258 | D:2      | Reached XP level 5. HP: 12/47 MP: 5/5
  1263 | D:2      | Slain by an orc wizard

Vault maps used:
D:1:      ldierk_walled_garden_2, chequers_serial_rivers_small_3
D:2:      nicolae_dithmenos_through_a_glass_darkly, uniq_crazy_yiuf_cottage,
          uniq_jessica

Skill      XL: |  1  2  3  4 |
---------------+-------------+-----
Axes           | 3 4 |  4.6
Fighting       | 4 |  4.4
Armour         | 4 |  4.0
Shields        | 4 |  4.0

Action                   |  1- 3 |  4- 6 || total
-------------------------+-------+-------++-------
Melee: War axe           |    99 |    36 ||   135
  Use: Potion            |       |     3 ||     3
  Eat: Chunk             |     1 |       ||     1
Armor: Scale mail        |    56 |    23 ||    79
Dodge: Dodged            |    31 |    18 ||    49
Block: Shield            |    51 |    17 ||    68

Table legend:
 A = Non-vault XP
 B = Vault XP
 C = Vault XP percentage of total XP
 D = Non-vault monster count
 E = Vault monster count
 F = Vault count percentage of total count
                 A         B        C        D         E       F
            +---------+---------+-------+---------+---------+-------
      Total |     132 |      37 |  21.9 |      39 |       1 |   2.5
            +---------+---------+-------+---------+---------+-------
        D:1 |      31 |       0 |   0.0 |      19 |       0 |   0.0
        D:2 |     101 |      37 |  26.8 |      20 |       1 |   4.8
            +---------+---------+-------+---------+---------+-------
